 Dungeon Crawl Stone Soup version 0.30-a0-711-gf4ac18a38d (webtiles) character file.

Game seed: 10515172599153341695

9863 Darius099 the Blocker (level 11, -8/68 HPs)
             Began as a Gargoyle Fighter on Jan 23, 2023.
             Was a High Priest of Okawaru.
             Engulfed by a steam dragon's steam (13 damage)
             ... on level 9 of the Dungeon.
             The game lasted 00:24:22 (9777 turns).

Darius099 the Blocker (Gargoyle Fighter)            Turns: 9777, Time: 00:24:23

Health: -8/68      AC: 23    Str: 22    XL:     11   Next: 53%
Magic:  0/18       EV: 12    Int:  9    God:    Okawaru [*****.]
Gold:   538        SH: 12    Dex: 19    Spells: 18/20 levels left

rFire   . . .      SeeInvis +    m - +5 morningstar (venom)
rCold   . . .      Faith    .    q - +1 kite shield
rNeg    + . .      Spirit   +    B - +5 ring mail "Zomamakea" {Dex+8}
rPois   ∞          Reflect  .    (no helmet)
rElec   +          Harm     .    w - +0 cloak
rCorr   .          Rampage  .    E - +0 pair of gloves
Will    .....                    H - +0 pair of boots
Stlth   +                        i - amulet of guardian spirit
HPRegen 0.31/turn                g - ring of wizardry
MPRegen 0.16/turn                k - ring of see invisible

@: no status effects
A: sickness immunity, AC +8, negative energy resistance 1, electricity
resistance, torment resistance 1, petrification resistance
a: Renounce Religion, Heroism, Finesse, Duel


You were on level 9 of the Dungeon.
You worshipped Okawaru.
Okawaru was extremely pleased with you.
You visited 2 branches of the dungeon, and saw 10 of its levels.

You collected 538 gold pieces.

Inventory:

Hand Weapons
 m - a +5 morningstar of venom (weapon)
 D - the +6 hand crossbow "Sotic" {elec, Str+3}
   (Okawaru gifted it to you on level 9 of the Dungeon)

   Str:       It affects your strength (+3).
Missiles
 l - a silver javelin (quivered)
Armour
 q - a +1 kite shield (worn)
 w - a +0 cloak (worn)
 B - the +5 ring mail "Zomamakea" (worn) {Dex+8}
   (You found it on level 6 of the Dungeon)

   Dex:       It affects your dexterity (+8).
 E - a +0 pair of gloves (worn)
 H - a +0 pair of boots (worn)
Jewellery
 g - a ring of wizardry (left hand)
 i - an amulet of guardian spirit (around neck)
 k - a ring of see invisible (right hand)
 C - a +6 ring of intelligence
 K - a ring of protection from cold
Wands
 c - a wand of charming (7)
 j - a wand of light (13)
 p - a wand of mindburst (3)
 F - a wand of flame (30)
 I - a wand of iceblast (11)
 J - a wand of digging (8)
Scrolls
 e - a scroll of amnesia
 f - a scroll of enchant weapon
 h - 3 scrolls of teleportation
 o - a scroll of immolation
 r - 2 scrolls of blinking
 v - 2 scrolls of fog
 y - a scroll of identify
 z - a scroll of silence {unknown}
 A - a scroll of magic mapping
Potions
 a - 3 potions of ambrosia {unknown}
 b - 2 potions of lignification
 d - a potion of might
 n - 2 potions of haste
 s - a potion of attraction
 t - a potion of brilliance {unknown}
 u - a potion of flight
 x - a potion of magic
 G - a potion of berserk rage


   Skills:
 + Level 7.8 Fighting
 + Level 6.9 Maces & Flails
 + Level 7.8 Armour
 + Level 5.2 Dodging
 + Level 8.0 Shields
 + Level 5.1 Spellcasting
 + Level 4.8 Transmutations
 + Level 7.0 Earth Magic


You had 18 spell levels left.
You knew the following spells:

 Your Spells              Type           Power      Damage    Failure   Level
a - Passwall              Tmut/Erth      10%        N/A       4%          2

Your spell library contained the following spells:

 Spells                   Type           Power      Damage    Failure   Level
 Petrify                  Tmut/Erth      12%        N/A       30%         4
 Necrotise                Necr           8%         1d4       32%         1
 Ensorcelled Hibernation  Hex/Ice        4%         N/A       45%         2
 Ignite Poison            Fire/Tmut/Pois 5%         N/A       45%         3
 Kindle Blastsparks       Fire/Tloc/Air  4%         2d10      69%         3
 Swiftness                Air            2%         N/A       69%         3
 Vampiric Draining        Necr           2%         2d6       69%         3
 Airstrike                Air            1%         2d(1-17)  96%         4
 Agony                    Necr           2%         N/A       100%        5
 Freezing Cloud           Conj/Ice/Air   1%         6-21      100%        5
 Lightning Bolt           Conj/Air       1%         1d12      100%        5
 Metabolic Englaciation   Hex/Ice        1%         N/A       100%        5
 Summon Lightning Spire   Summ/Air       Unusable   N/A       N/A         4
 Statue Form              Tmut/Erth      Unusable   N/A       N/A         6

Dungeon Overview and Level Annotations

Branches:
Dungeon (9/15)             Temple (1/1) D:5            Lair (0/5) D:9
    Orc: D:9-12

Altars:
Cheibriados
Elyvilon
Hepliaklqana
Kikubaaqudgha
Makhleb
Nemelex Xobeh
Okawaru
Ru
Sif Muna
Trog
Vehumet
Yredelemnul
Zin
The Shining One


Innate Abilities, Weirdness & Mutations

You are immune to sickness and miasma.
Your stone body is resilient. (AC +8)
You are immune to poison.
You resist negative energy. (rN+)
You are resistant to electric shocks. (rElec)
You are resistant to unholy torment.
You are immune to petrification.


Message History

You block the steam dragon's attack. The steam dragon breathes steam at you.
The ball of steam hits you but does no damage.
You hit the steam dragon but do no damage.
You are engulfed in a cloud of scalding steam.
* * * LOW HITPOINT WARNING * * *
The steam dragon breathes steam at you.
The ball of steam hits the steam dragon.
The steam dragon resists.
The ball of steam misses you. You block the steam dragon's attack. x2
You thump the steam dragon!
The steam dragon looks as sick as possible!
The steam dragon is heavily wounded.
You are engulfed in a cloud of scalding steam.
You impale the steam dragon!!
You kill the steam dragon!
Okawaru accepts your kill.
You are engulfed in a cloud of scalding steam.
The steam dragon breathes steam at you. The ball of steam hits you!
* * * LOW HITPOINT WARNING * * *
You thump the steam dragon!
The steam dragon is poisoned.
The steam dragon is heavily wounded.
You are engulfed in a cloud of scalding steam.
* * * LOW HITPOINT WARNING * * *
The steam dragon bites you but does no damage.
The steam dragon claws you but does no damage.
You closely miss the steam dragon.
The steam dragon is heavily wounded.
You block the steam dragon's attack. The steam dragon barely misses you.
You closely miss the steam dragon.
The steam dragon is severely wounded.
You block the steam dragon's attack.
The steam dragon claws you but does no damage.
The steam dragon closely misses you.
The steam dragon claws you but does no damage.
You barely miss the steam dragon.
The steam dragon is severely wounded.
You are engulfed in a cloud of scalding steam.
You die...

.#......#)####
##......#)..(#
#+##
........#....###
...#
#####+#.#.....(#
#...## .
#(..†..### .....#
.
###.....[##..⌠..#
. #:.....#.......
. ###.§§.#.......
P #§..@D)...... .
#########+### . .
> . ♣


You could see a steam dragon (very poisoned).

Vanquished Creatures
  A two-headed ogre (D:8)
  2 centaur warriors (D:9)
  A boulder beetle (D:9)
  The ghost of demibob the Ruffian, a novice DrTm of Ru (D:6)
  Joseph (D:8)
  A gargoyle (D:8)
  A kobold demonologist (D:9)
  A hornet (D:9)
  6 yaks (D:8)
  A wyvern (D:9)
  A basilisk (D:9)
  Grum (D:9)
  A steam dragon (D:9)
  A vampire mosquito (D:9)
  An acid dragon (D:9)
  6 water moccasins
  An orc warrior (D:9)
  Duvessa (D:7)
  4 black bears
  2 ice beasts
  3 sky beasts
  4 wolves
  4 centaurs
  A necrophage (D:6)
  Blork the orc (D:6)
  5 bullfrogs
  A gnoll sergeant (D:6)
  4 scorpions
  7 wights
  Dowan (D:7)
  4 killer bees
  3 jellies
  3 hounds
  2 orc priests
  6 iguanas
  10 orc wizards
  4 gnolls (D:6)
  12 adders
  A white imp (D:7)
  3 worms
  A dart slug (D:1)
  17 orcs
  5 endoplasms
  2 giant cockroaches (D:1)
  11 goblins
  6 hobgoblins
  5 jackals
  7 quokkas
  9 ball pythons
  8 bats
  A frilled lizard (D:2)
  13 kobolds
  6 rats
  A spectral goblin (D:4)
206 creatures vanquished.

Vanquished Creatures (others)
  A sky beast (D:6)
  2 orc wizards (D:9)
  A hobgoblin (D:1)
  9 plants (D:9)
13 creatures vanquished.

Grand Total: 219 creatures vanquished

Notes
Turn   | Place    | Note
-------+----------+-------------------------------------------
     0 | D:1      | Darius099 the Gargoyle Fighter began the quest for the Orb.
     0 | D:1      | Reached XP level 1. HP: 14/14 MP: 1/1
   132 | D:1      | Reached XP level 2. HP: 19/19 MP: 2/2
   323 | D:1      | Reached XP level 3. HP: 20/23 MP: 3/3
   903 | D:2      | You fall into a shaft and drop 1 floor!
  1249 | D:3      | Reached XP level 4. HP: 29/29 MP: 4/4
  1306 | D:3      | Found a shimmering blue altar of Sif Muna.
  1665 | D:2      | Reached skill level 4 in Shields
  2060 | D:2      | Found a faded altar of an unknown god.
  2215 | D:2      | Reached skill level 1 in Dodging
  2215 | D:2      | Reached XP level 5. HP: 33/33 MP: 5/5
  2677 | D:4      | Found a white marble altar of Elyvilon.
  2819 | D:4      | Found a sparkling altar of Nemelex Xobeh.
  2907 | D:4      | Reached XP level 6. HP: 4/39 MP: 0/6
  3180 | D:4      | Learned a level 2 spell: Passwall
  3272 | D:4      | Found a burning altar of Makhleb.
  3402 | D:4      | Found a hazy altar of Hepliaklqana.
  3718 | D:5      | Entered Level 5 of the Dungeon
  3792 | D:5      | Noticed a black bear
  3805 | D:5      | Killed a black bear
  3806 | D:5      | Reached skill level 1 in Earth Magic
  3829 | D:5      | Reached XP level 7. HP: 15/44 MP: 3/8
  4128 | D:5      | Found a staircase to the Ecumenical Temple.
  4149 | Temple   | Entered the Ecumenical Temple
  4155 | Temple   | Became a worshipper of Warmaster Okawaru
  4182 | D:5      | Reached skill level 1 in Spellcasting
  4182 | D:5      | Reached skill level 1 in Transmutations
  4263 | D:5      | Found a sacrificial altar of Ru.
  4331 | D:5      | Reached skill level 5 in Shields
  4591 | D:5      | Found a glowing silver altar of Zin.
  4592 | D:5      | Found a snail-covered altar of Cheibriados.
  4593 | D:5      | Found a radiant altar of Vehumet.
  5161 | D:6      | Reached skill level 5 in Armour
  5163 | D:6      | Identified the +5 ring mail "Zomamakea" {Dex+8}
  5203 | D:6      | Found an ancient bone altar of Kikubaaqudgha.
  5230 | D:6      | Reached * piety under Okawaru
  5231 | D:6      | Reached skill level 5 in Fighting
  5247 | D:6      | Reached XP level 8. HP: 24/49 MP: 4/10
  5323 | D:6      | Reached ** piety under Okawaru
  5642 | D:6      | Found a runed translucent door.
  5748 | D:6      | Noticed demibob's ghost (novice DrTm)
  5762 | D:6      | Noticed Blork the orc
  5778 | D:6      | Killed Blork the orc
  6007 | D:6      | Killed demibob's ghost
  6007 | D:6      | Reached *** piety under Okawaru
  6008 | D:6      | Reached skill level 6 in Shields
  6008 | D:6      | Reached XP level 9. HP: 21/55 MP: 7/13
  6249 | D:7      | Found a bloodstained altar of Trog.
  6290 | D:7      | Reached skill level 5 in Maces & Flails
  6301 | D:7      | Received a gift from Okawaru
  6640 | D:7      | Identified the +3 scale mail of Dofyg {rPois rC- rCorr}
  6736 | D:7      | Noticed Dowan
  6737 | D:7      | Noticed Duvessa
  6776 | D:7      | Killed Duvessa
  6796 | D:7      | Killed Dowan
  7536 | D:8      | Reached **** piety under Okawaru
  7554 | D:8      | Reached XP level 10. HP: 61/61 MP: 12/15
  7582 | D:8      | Reached skill level 5 in Earth Magic
  7674 | D:8      | Noticed a gargoyle
  7972 | D:9      | Noticed Grum
  8291 | D:8      | Noticed Joseph
  8302 | D:8      | Killed Joseph
  8314 | D:8      | Noticed a two-headed ogre
  8323 | D:8      | Killed a two-headed ogre
  8324 | D:8      | Reached skill level 7 in Shields
  8429 | D:8      | Killed a gargoyle
  8547 | D:8      | Reached ***** piety under Okawaru
  9107 | D:9      | Killed Grum
  9236 | D:9      | Found a staircase to the Lair.
  9300 | D:9      | Reached XP level 11. HP: 36/67 MP: 13/17
  9322 | D:9      | Identified the +6 hand crossbow "Sotic" {elec, Str+3}
                  | (Okawaru gifted it to you on level 9 of the Dungeon)
  9322 | D:9      | Received a gift from Okawaru
  9587 | D:9      | Noticed a centaur warrior
  9587 | D:9      | Noticed a boulder beetle
  9606 | D:9      | Reached skill level 5 in Dodging
  9618 | D:9      | Killed a centaur warrior
  9629 | D:9      | Killed a boulder beetle
  9630 | D:9      | Reached skill level 5 in Spellcasting
  9747 | D:9      | Noticed a centaur warrior
  9758 | D:9      | Killed a centaur warrior
  9759 | D:9      | Reached skill level 8 in Shields
  9774 | D:9      | HP: 3/68 [steam dragon] (10)]
  9777 | D:9      | Engulfed by a steam dragon's steam

Illustrated notes

Levels and vault maps discovered:
D:1:      elethiomel_arrival_infinity_welcomes_careful_drivers,
          layout_loops_ring, st_stairs_10, hangedman_feature_mirror
D:2:      layout_basic, shapermc_ecumenical_altar_ellora
D:3:      layout_rooms, nicolae_sif_muna_little_library, serial_bayou_ford_a
D:4:      layout_basic, lemuel_coloured_pillars_altar, amcnicky_altar_gilded,
          nicolae_overflow_crystal_walls, nicolae_hepliaklqana_monster_ancestors
D:5:      layout_basic, nicolae_ru_great_annihilating_truth,
          chequers_temple_overflow_statue_of_worship,
          minmay_temple_entry_junction, minmay_starry_boxes
D:6:      layout_basic, kiku_gazebo_pond_becter, ebering_ghost_sewer_d,
          uniq_blork_the_orc
D:7:      minmay_angry_zag, layout_gridville, lemuel_tele_altar, uniq_duvessa
D:8:      layout_layer_cave, uniq_joseph
D:9:      minmay_spotlight, layout_irregular_city, minmay_lair_entry_grove,
          dk_noncrumbling_3, nicolae_rejected_hall, uniq_grum
Temple:   eino_wide_crystal_templ

Skill      XL: |  1  2  3  4  5  6  7  8  9 10 11 |
---------------+----------------------------------+-----
Shields        | 4 5 6 7 8 |  8.0
Fighting       | 4 5 6 7 |  7.8
Armour         | 4 5 6 7 |  7.8
Dodging        | 1 2 3 4 5 |  5.2
Maces & Flails | 3 4 5 6 |  6.9
Earth Magic    | 1 2 3 4 6 7 |  7.0
Spellcasting   | 1 2 3 4 5 |  5.1
Transmutations | 1 2 3 4 |  4.8

Action                     |  1- 3 |  4- 6 |  7- 9 | 10-12 || total
---------------------------+-------+-------+-------+-------++-------
  Melee: Flail             |   121 |   312 |   191 |       ||   624
         Whip              |       |       |   402 |   121 ||   523
         Morningstar       |       |       |       |   221 ||   221
 Invoke: Heroism           |       |       |       |     1 ||     1
    Use: Scroll            |     3 |     2 |     4 |    11 ||    20
         Potion            |       |       |     5 |     2 ||     7
   Stab: Paralysed         |       |       |     1 |       ||     1
 Armour: Scale mail        |    68 |   232 |    75 |       ||   375
         Ring mail         |       |       |   262 |   213 ||   475
         Skin              |       |       |    13 |       ||    13
  Dodge: Dodged            |    51 |   157 |   285 |   213 ||   706
  Block: Buckler           |    30 |       |       |       ||    30
         Kite shield       |       |   191 |   350 |   290 ||   831

Table legend: (Time is in decaauts)
 A = Elapsed time spent in this place.
 B = Non-inter-level travel time spent in this place.
 C = Inter-level travel time spent in this place.
 D = Time resting spent in this place.
 E = Time spent auto-exploring this place.
 F = Levels seen in this place.
 G = Mean time per level.
                   A        B        C        D        E       F      G
               +--------+--------+--------+--------+--------+-----+--------+
         Total |  10073 |   9780 |    293 |   1238 |   5283 |  10 | 1007.3 |
       Dungeon |  10060 |   9767 |    293 |   1238 |   5283 |   9 | 1117.8 |
        Temple |     12 |     12 |      0 |      0 |      0 |   1 |   12.0 |
               +--------+--------+--------+--------+--------+-----+--------+

Top non-repeatable levels by time:
     D:8: 1597 daAuts
     D:4: 1512 daAuts
     D:5: 1472 daAuts
     D:7: 1365 daAuts
     D:6: 1025 daAuts
     D:1: 861 daAuts
     D:2: 827 daAuts
     D:9: 725 daAuts
     D:3: 672 daAuts
  Temple: 12 daAuts
